 Dungeon Crawl Stone Soup version 0.24.0-123-gd5b16e6ec5 (webtiles) character file.

Game seed: 15275988311533902251, levelgen mode: deterministic

56 Goreval the Chopper (level 3, 33/33 HPs)
             Began as a Hill Orc Monk on Dec 16, 2019.
             Was a Believer of Kikubaaqudgha.
             Quit the game on level 2 of the Dungeon.
             The game lasted 00:03:55 (2364 turns).

Goreval the Chopper (Hill Orc Monk)                 Turns: 2364, Time: 00:03:56

Health: 33/33      AC:  3    Str: 14    XL:     3   Next: 97%
Magic:  3/3        EV: 12    Int: 10    God:    Kikubaaqudgha [**....]
Gold:   57         SH:  0    Dex: 13    Spells: 2/2 levels left

rFire    . . .     SeeInvis .   a - +0 hand axe
rCold    . . .     Gourm    .   (no shield)
rNeg     . . .     Faith    .   n - +0 leather armour
rPois    .         Spirit   .   (no helmet)
rElec    .         Reflect  .   (no cloak)
rCorr    .         Harm     .   (no gloves)
MR       .....                  (no boots)
Stlth    ++........             (no amulet)
HPRegen  0.11/turn              (no ring)
MPRegen  0.08/turn              (no ring)

@: no status effects
A: no striking features
a: Receive Corpses, Renounce Religion


You were on level 2 of the Dungeon.
You worshipped Kikubaaqudgha.
Kikubaaqudgha was pleased with you.
You were near starving.

You visited 1 branch of the dungeon, and saw 2 of its levels.

You collected 57 gold pieces.

Inventory:

Hand Weapons
 a - a +0 hand axe (weapon)
Missiles
 f - 64 stones (quivered)
Armour
 d - a +0 shield
 n - a +0 leather armour (worn)
Scrolls
 b - a scroll of remove curse {unknown}
 e - a scroll of amnesia {unknown}
 g - 4 scrolls of identify {unknown}
 h - a scroll of enchant weapon {unknown}
 j - a scroll of enchant armour {unknown}
 k - 2 scrolls of magic mapping {unknown}
 l - 2 scrolls of teleportation {unknown}
Potions
 i - a potion of agility {unknown}
 m - a potion of invisibility {unknown}
Comestibles
 c - 5 rations


   Skills:
 + Level 4.1 Fighting
 * Level 5.0 Axes
 + Level 1.4 Armour
 - Level 2.4 Dodging
 - Level 1.5 Stealth
 + Level 1.4 Shields


You had 2 spell levels left.
You didn't know any spells.
Your spell library contained the following spells:

 Spells                   Type           Power        Failure   Level  Hunger
 Pain                     Necr           #...         43%         1    ##.....
 Corpse Rot               Necr           N/A          56%         2    ###....
 Sublimation of Blood     Necr           #.........   56%         2    ###....
 Regeneration             Chrm/Necr      #.........   80%         3    ####...


Dungeon Overview and Level Annotations

Branches:
Dungeon (2/15)

Altars:
Kikubaaqudgha


Message History

c - 5 rations (gained 1)
Okay, then.
Okay, then.
(D) Dungeon
Where to? (Enter - D:2, ? - help)
You are near starving!
There is an ancient bone altar of Kikubaaqudgha here.
(D) Dungeon
Where to? (Enter - D:1, ? - help)
Okay, then.
Unknown command.
Press < or > to pray at altars.
(D) Dungeon
Where to? (Enter - D:1, ? - help)
Okay, then.
Unknown command.
Press < or > to pray at altars.
Unknown command.
Press < or > to pray at altars.
Okay, then.

#.....# #....# #####.#
#.#... #.# #.#.## ###
#.###.#.## ..#
#......... #.#
#####.#.## #####)#
#.....
#.....###########....
#..8@..............## #
##.8_8..............#
#.#...8...#############
#.........#
..........##.##
###......%...#
############


There were no monsters in sight!

Vanquished Creatures
  3 gnolls (D:2)
  A worm (D:2)
  A dart slug (D:1)
  A leopard gecko (D:1)
  3 bats
  3 giant cockroaches
  A goblin (D:1)
  2 frilled lizards (D:2)
  7 kobolds
  3 rats
25 creatures vanquished.

Notes
Turn   | Place    | Note
-------+----------+-------------------------------------------
     0 | D:1      | Goreval the Hill Orc Monk began the quest for the Orb.
     0 | D:1      | Reached XP level 1. HP: 19/19 MP: 1/1
   308 | D:1      | Reached XP level 2. HP: 22/27 MP: 2/2
  1590 | D:2      | Reached skill level 1 in Armour
  1590 | D:2      | Reached skill level 1 in Shields
  1590 | D:2      | Reached XP level 3. HP: 15/33 MP: 3/3
  1880 | D:2      | Reached skill level 5 in Axes
  2337 | D:2      | Found a faded altar of an unknown god.
  2347 | D:2      | Became a worshipper of Kikubaaqudgha
  2347 | D:2      | Reached * piety under Kikubaaqudgha
  2347 | D:2      | Identified Kikubaaqudgha's Catalogue of Dark Arts
                  | (Kikubaaqudgha gifted it to you on level 2 of the Dungeon)
  2347 | D:2      | Received a gift from Kikubaaqudgha
  2347 | D:2      | Reached ** piety under Kikubaaqudgha
  2364 | D:2      | Quit the game

Levels and vault maps discovered:
D:1:      dpeg_arrival_arbitrary_a, layout_basic
D:2:      layout_loops_ring, chequers_ecumenical_altar_simple, first_ration

Skill      XL: |  1  2  3 |
---------------+----------+-----
Fighting       | 4 |  4.1
Armour         | 1 |  1.4
Shields        | 1 |  1.4
Axes           | 5 |  5.0
Dodging        | |  2.4
Stealth        | |  1.5

Action                   || total
-------------------------++-------
Melee: Hand axe          ||   107
Throw: Stone             ||    81
  Eat: Chunk             ||     3
Armor: Robe              ||     7
       Leather armour    ||     8
Dodge: Dodged            ||    62
